 Dungeon Crawl Stone Soup version 0.22-a0-812-g4c1e2d5471 (webtiles) character file.

18581 Holzbalken the Basher (level 12, -7/75 HPs)
             Began as a Gargoyle Monk on July 23, 2018.
             Was a Priest of Qazlal.
             Mangled by a minotaur
             ... wielding a +2 short sword of venom
              (18 damage)
             ... in a labyrinth.
             The game lasted 01:05:36 (16345 turns).

Holzbalken the Basher (Gargoyle Monk)              Turns: 16345, Time: 01:05:37

Health: -7/75      AC: 28    Str: 20    XL:     12   Next: 60%
Magic:  0/19       EV: 13    Int: 11    God:    Qazlal [***...]
Gold:   597        SH: 14    Dex: 12    Spells: 11/11 levels left

rFire    + . .     SeeInvis .   F - +1 flail (holy)
rCold    + . .     Gourm    +   L - +0 shield
rNeg     + . .     Faith    .   h - +0 plate armour
rPois    ∞         Spirit   +   x - +1 helmet
rElec    +         Reflect  .   u - scarf {Spirit}
rCorr    +         Harm     .   (no gloves)
MR       .....                  D - +2 pair of boots
Stlth    ..........             a - amulet of the gourmand
HPRegen  0.22/turn              B - ring of resist corrosion
MPRegen  0.16/turn              J - ring of Phasing {EV+8}

@: resistant
A: negative energy resistance 1, electricity resistance, unbreathing,
petrification resistance, rot immunity, AC +8
a: Upheaval, Elemental Force, Renounce Religion


You were in a labyrinth.
You worshipped Qazlal.
Qazlal was most pleased with you.
You were very full.

You visited 3 branches of the dungeon, and saw 14 of its levels.
You also visited: Labyrinth and Ossuary.

You collected 720 gold pieces.
You spent 123 gold pieces at shops.

Inventory:

Hand Weapons
 F - a +1 flail of holy wrath (weapon)
Missiles
 k - 4 tomahawks of returning (quivered)
Armour
 h - a +0 plate armour (worn)
 u - a scarf of spirit shield (worn)
 x - a +1 helmet (worn)
 D - a +2 pair of boots (worn)
 L - a +0 shield (worn)
Jewellery
 a - an amulet of the gourmand (around neck)
 A - an uncursed amulet of guardian spirit {unknown}
 B - a ring of resist corrosion (left hand)
 G - an uncursed ring of ice {unknown}
 J - the ring of Phasing (right hand) {EV+8}
   (You found it on level 7 of the Dungeon)

   [ring of evasion]

   It affects your evasion (+8).
Wands
 d - a wand of iceblast (9)
 C - a wand of acid (8)
 I - a wand of flame (55)
 N - a wand of scattershot (8)
Scrolls
 f - 5 scrolls of remove curse
 g - a scroll of enchant weapon
 l - 7 scrolls of identify
 o - 4 scrolls of teleportation
 y - 3 scrolls of fog
 H - a scroll of magic mapping
 K - a scroll of fear
 M - a scroll of amnesia
Potions
 b - 2 potions of resistance
 e - 6 potions of brilliance
 j - a potion of flight
 m - 3 potions of mutation
 n - 3 potions of agility {unknown}
 p - 3 potions of haste
 q - 3 potions of invisibility {unknown}
 r - 3 potions of berserk rage
 s - 3 potions of ambrosia {unknown}
 v - 3 potions of lignification {unknown}
 z - 2 potions of cancellation {unknown}
Comestibles
 c - 16 rations


   Skills:
 + Level 8.7 Fighting
 - Level 14.0 Maces & Flails
 + Level 7.9 Armour
 - Level 2.4 Dodging
 - Level 2.1 Stealth
 * Level 5.7 Shields
 * Level 10.0 Invocations


You had 11 spell levels left.
You didn't know any spells.
Your spell library contained the following spells:

 Spells                   Type           Power        Failure   Level  Hunger
 Magic Dart               Conj           #...         100%        1    ##.....
 Apportation              Tloc           #.....       100%        1    ##.....
 Conjure Flame            Conj/Fire      #.......     100%        3    ####...
 Slow                     Hex            #.......     100%        2    ###....
 Mephitic Cloud           Conj/Pois/Air  #.......     100%        3    ####...
 Summon Small Mammal      Summ           #...         100%        1    ##.....
 Blink                    Tloc           N/A          100%        2    ###....
 Animate Skeleton         Necr           N/A          100%        1    ##.....
 Call Imp                 Summ           #.......     100%        2    ###....
 Confusing Touch          Hex            #.....       100%        1    ##.....


Dungeon Overview and Level Annotations

Branches:
Dungeon (10/15)            Temple (1/1) D:7            Lair (3/6) D:10
  Swamp (0/4) Lair:3          Orc (0/2) D:10
  Snake: Lair:2-4    Spider: Lair:2-4

Altars:
Ashenzari
Cheibriados
Dithmenos
Elyvilon
Fedhas
Gozag
Hepliaklqana
Kikubaaqudgha
Makhleb
Nemelex Xobeh
Okawaru
Qazlal
Ru
Sif Muna
Trog
Uskayaw
Vehumet
Wu Jian
Xom
Yredelemnul
Zin
The Shining One

Shops:
D:8 ?

Annotations:
D:9 3 runed doors, rvm's ghost, novice DDFi
Lair:1 3 runed doors, swarr's ghost, journeyman TrWz


Innate Abilities, Weirdness & Mutations

You are resistant to torment.
Your stone body is resilient. (AC +8)
You are immune to poison.
You resist negative energy. (rN+)
You are resistant to electric shocks. (rElec)
You can survive without breathing.
You are immune to petrification.
You are immune to rotting.


Message History

The minotaur is engulfed in freezing vapours.
The minotaur hits you with a short sword of venom!
* * * LOW HITPOINT WARNING * * *
The minotaur barely misses you.
Press: ? - help, v - describe, . - travel, g - get item A twisted jewelled staff.
There is something else lying underneath.
The floor, spattered with blood.
Okay, then.
Your shield and plate armour prevent you from hitting the minotaur.
The minotaur furiously retaliates!
The minotaur headbutts you, but does no damage.
The minotaur is heavily wounded.
You block the minotaur's attack. The minotaur barely misses you.
Your plate armour prevents you from hitting the minotaur.
The minotaur furiously retaliates!
The minotaur headbutts you, but does no damage.
The minotaur is heavily wounded.
The minotaur hits you with a short sword of venom!!
You die...

# ## ÷ # # . .#.
. . # # # .
#...# ### ## .#.
# #. ... ... ..
# ###.#########
#.#.#8.8[8|8# #
##...'...@H.<#
.......#8.8:8[8#
#.# ## #########
#.# ... ## # #.#
.. ...# .# # # #
#.


You could see a minotaur.

Vanquished Creatures
  4 hydras
  A lindwurm (Lair:3)
  An oklob plant (Lair:1)
  2 black mambas (Lair:1)
  3 spiny frogs
  A gargoyle (D:10)
  3 komodo dragons
  A minotaur skeleton (Lab)
  A merfolk (D:9)
  A hornet (D:8)
  5 blink frogs (Lair:1)
  2 hippogriffs
  2 redbacks (Lab)
  15 yaks
  A wraith (D:10)
  5 basilisks
  4 wargs (D:10)
  4 water moccasins
  2 porcupines
  A sky beast (D:7)
  A black bear (D:9)
  5 orc warriors
  3 phantoms
  2 ice beasts
  7 ogres
  4 wolves (Lair:3)
  5 centaurs
  3 crocodiles
  5 bullfrogs
  8 scorpions
  8 killer bees
  A vampire bat (D:9)
  8 howler monkeys
  4 crimson imps
  2 bullfrog zombies
  A centaur zombie (Ossuary)
  4 lava snakes (Lab)
  2 quasits (D:8)
  4 centaur skeletons
  3 human zombies (Ossuary)
  4 hounds
  5 jellies
  An orc priest (D:10)
  Crazy Yiuf (D:6)
  4 bullfrog skeletons
  An iron imp (D:7)
  An iguana (D:10)
  Natasha (thrice) (D:2)
  8 orc wizards
  13 worker ants
  A statue (D:5)
  A hound zombie (D:9)
  2 hound skeletons
  3 mummies (Ossuary)
  A howler monkey zombie (D:8)
  2 worker ant zombies
  3 gnolls (D:3)
  A howler monkey skeleton (D:8)
  4 scorpion zombies (Ossuary)
  9 adders
  2 shadow imps (D:9)
  2 oozes
  An adder skeleton (D:5)
  A worm (D:4)
  2 dart slugs (D:1)
  9 leopard geckos
  25 orcs
  4 ball pythons
  7 bats
  2 bat skeletons (D:9)
  4 bat zombies (D:9)
  A giant cockroach (D:7)
  3 gnoll zombies (Ossuary)
  12 hobgoblins
  3 jackals (D:3)
  2 quokkas
  A ball python skeleton (D:5)
  6 frilled lizards
  4 goblins
  A goblin skeleton (D:6)
  5 goblin zombies (Ossuary)
  8 hobgoblin zombies
  A jackal skeleton (D:4)
  9 kobolds
  3 kobold skeletons
  2 kobold zombies (Ossuary)
  A leopard gecko zombie (D:7)
  3 orc skeletons (D:6)
  2 orc zombies
  9 rats
  A bush (Lair:1)
  A plant (D:10)
344 creatures vanquished.

Vanquished Creatures (others)
  3 fungi (Lair:2)
  2 plants
5 creatures vanquished.

Grand Total: 349 creatures vanquished

Notes
Turn   | Place    | Note
-------+----------+-------------------------------------------
     0 | D:1      | Holzbalken the Gargoyle Monk began the quest for the Orb.
     0 | D:1      | Reached XP level 1. HP: 14/14 MP: 1/1
   149 | D:1      | Reached XP level 2. HP: 12/19 MP: 2/2
   489 | D:1      | Reached skill level 4 in Maces & Flails
   553 | D:1      | Reached XP level 3. HP: 21/23 MP: 3/3
  1607 | D:2      | Noticed Natasha
  1611 | D:2      | Killed Natasha
  1611 | D:2      | Reached skill level 5 in Maces & Flails
  1611 | D:2      | Reached XP level 4. HP: 28/28 MP: 4/4
  1761 | D:2      | Noticed Natasha
  1770 | D:2      | Killed Natasha
  1775 | D:2      | Reached XP level 5. HP: 24/32 MP: 5/5
  2028 | D:2      | Noticed Natasha
  2044 | D:2      | Killed Natasha
  2129 | D:2      | Reached skill level 6 in Maces & Flails
  2478 | D:2      | Found a bloodstained altar of Trog.
  2719 | D:3      | Reached XP level 6. HP: 25/37 MP: 6/6
  3792 | D:4      | Reached skill level 7 in Maces & Flails
  3803 | D:4      | Found a sand-covered staircase.
  3835 | Ossuary  | Entered an ossuary
  3900 | Ossuary  | Reached XP level 7. HP: 41/41 MP: 7/7
  3928 | Ossuary  | Reached skill level 8 in Maces & Flails
  4204 | Ossuary  | Reached skill level 9 in Maces & Flails
  4306 | D:4      | Identified a scroll of acquirement
  4538 | D:4      | Reached XP level 8. HP: 17/46 MP: 8/8
  5114 | D:5      | Entered Level 5 of the Dungeon
  5210 | D:5      | Found a radiant altar of Vehumet.
  5414 | D:5      | Found a shimmering altar of Xom.
  5418 | D:5      | Found a shimmering altar of Xom.
  5419 | D:5      | Found a shimmering altar of Xom.
  5419 | D:5      | Found a shimmering altar of Xom.
  5420 | D:5      | Found a shimmering altar of Xom.
  5422 | D:5      | Found a shimmering altar of Xom.
  5454 | D:5      | Reached skill level 10 in Maces & Flails
  6033 | D:5      | Reached skill level 11 in Maces & Flails
  6273 | D:5      | Reached XP level 9. HP: 51/51 MP: 9/9
  6570 | D:6      | Reached skill level 12 in Maces & Flails
  7267 | D:6      | Found a glowing golden altar of the Shining One.
  7653 | D:6      | Found a runed door.
  7657 | D:6      | Noticed Crazy Yiuf
  7661 | D:6      | Killed Crazy Yiuf
  7931 | D:7      | Reached skill level 1 in Armour
  8299 | D:7      | Found a snail-covered altar of Cheibriados.
  8392 | D:7      | Found a hide-covered altar of Uskayaw.
  8444 | D:7      | Found a staircase to the Ecumenical Temple.
  8464 | D:7      | Reached XP level 10. HP: 55/58 MP: 10/10
  8478 | Temple   | Entered the Ecumenical Temple
  8767 | Temple   | Became a worshipper of Qazlal Stormbringer
  8767 | Temple   | Reached * piety under Qazlal
  8767 | Temple   | Reached ** piety under Qazlal
  8836 | D:7      | Found the ring of Phasing {EV+8}
  8974 | D:7      | Reached skill level 1 in Invocations
  9148 | D:8      | Reached skill level 5 in Fighting
  9198 | D:7      | Reached skill level 13 in Maces & Flails
  9471 | D:8      | Found a burning altar of Makhleb.
  9616 | D:8      | Found Feguoj's Magic Scroll Shoppe.
  9642 | D:8      | Bought a scroll of summoning for 123 gold pieces
  9718 | D:8      | Found an opulent altar of Gozag.
 10199 | D:9      | Found a runed gate.
 10199 | D:9      | Found a runed gate.
 10199 | D:9      | Found a runed gate.
 10199 | D:9      | Noticed rvm's ghost (novice DDFi)
 10339 | D:9      | Got an iridescent trident
 10340 | D:9      | Identified the +4 trident of Proximity {antimagic, rF+ rC+ Int+2} (You found it on level 9 of the Dungeon)
 10424 | D:9      | Found an ancient bone altar of Kikubaaqudgha.
 11289 | D:9      | Reached *** piety under Qazlal
 11296 | D:9      | Reached skill level 5 in Invocations
 11520 | D:10     | Entered Level 10 of the Dungeon
 11596 | D:10     | Reached skill level 5 in Armour
 11785 | D:10     | Found a staircase to the Orcish Mines.
 11939 | D:10     | Reached XP level 11. HP: 56/66 MP: 11/15
 12122 | D:10     | Found a snail-covered altar of Cheibriados.
 12213 | D:10     | Found a staircase to the Lair.
 12667 | Lair:1   | Entered Level 1 of the Lair of Beasts
 12964 | Lair:1   | Noticed an oklob plant
 13228 | Lair:1   | Noticed a four-headed hydra
 13243 | Lair:1   | Killed a four-headed hydra
 13300 | Lair:1   | Found a runed gate.
 13300 | Lair:1   | Found a runed gate.
 13300 | Lair:1   | Found a runed gate.
 13302 | Lair:1   | Noticed swarr's ghost (journeyman TrWz)
 13313 | Lair:1   | Reached skill level 1 in Shields
 14163 | Lair:1   | HP: 3/68 [acid (6)]
 14423 | Lair:1   | Killed an oklob plant
 14633 | Lair:2   | Reached skill level 14 in Maces & Flails
 14672 | Lair:2   | Reached XP level 12. HP: 72/73 MP: 18/18
 14914 | Lair:2   | Noticed a four-headed hydra
 14931 | Lair:2   | Killed a four-headed hydra
 15308 | Lair:2   | Got a faintly glowing leather armour
 15319 | Lair:2   | Identified the cursed +1 leather armour "Elifasoi" {Str+2} (You found it on level 2 of the Lair of Beasts)
 15538 | Lair:3   | Noticed a seven-headed hydra
 15546 | Lair:3   | Found a labyrinth entrance.
 15553 | Lair:3   | Killed a seven-headed hydra
 15560 | Lair:3   | Noticed a seven-headed hydra
 15570 | Lair:3   | Killed a seven-headed hydra
 15570 | Lair:3   | Reached skill level 5 in Shields
 15618 | Lab      | Entered a labyrinth
 15934 | Lab      | Reached skill level 10 in Invocations
 16273 | Lab      | Noticed a minotaur
 16345 | Lab      | Mangled by a minotaur

Vault maps used:
D:1:      lemuel_arrival_muddy
D:2:      trog_book, uniq_natasha
D:3:      serial_bayou_pond_c
D:4:      nicolae_ossuary_entry_false_entrances, item_on_display_a
D:5:      xom_redecorated, vehumet_statue, first_ration
D:6:      nicolae_tso_besieged_by_evil, uniq_crazy_yiuf_cottage
D:7:      lemuel_doored_altar, slow_altar_1, temple_hall
D:8:      kennysheep_little_box, lemuel_round_altar, serial_shops, shop
D:9:      kennysheep_vampire_church, gammafunk_ghost_spectres,
          hangedman_fish_farm
D:10:     david_lair_shrubbed, minmay_orc_entry_guard_dogs,
          serial_co_window_serial, co_window_paths_a, co_window_paths_b,
          co_window_corner_a, co_window_paths_b, co_window_paths_a,
          co_window_cross_1, co_window_paths_a, co_window_corner_b,
          co_window_of_opportunity_c, co_window_cross_4, co_window_corner_cb,
          co_window_corner_b, co_window_of_opportunity_c, co_window_cross_3,
          glass_columns_a, glass_columns_a, cheibriados_altar_1
Temple:   regret_index_temple_generic_petals
Lair:1:   gammafunk_ghost_necromancy, minmay_lair_oklob_bushes,
          serial_bayou_pond_e, lemuel_fruit_fields
Lair:3:   swamp_mist_pool, lab_entry_generic, grunt_megastairs_3,
          infiniplex_staircase_pool_2
Lab:      nicolae_lab_dead_adventurers, nicolae_lab_hexagon, labyrinth_glass_1,
          labyrinth_skeletal_remains, nicolae_lab_swirl, lab_hedge,
          labyrinth_lava_lair, lab_block
Ossuary:  ossuary_minmay_scorpions

Skill      XL: |  1  2  3  4  5  6  7  8  9 10 11 12 |
---------------+-------------------------------------+-----
Maces & Flails | 4 5 6 7 9 11 12 13 14 | 14.0
Armour         | 3 5 7 |  7.9
Fighting       | 4 6 7 8 |  8.7
Invocations    | 6 8 10 | 10.0
Shields        | 2 5 |  5.7
Dodging        | |  2.4
Stealth        | |  2.1

Action                   |  1- 3 |  4- 6 |  7- 9 | 10-12 || total
-------------------------+-------+-------+-------+-------++-------
Melee: Mace              |   137 |   156 |       |       ||   293
       Flail             |       |    63 |   590 |  1066 ||  1719
Throw: Tomahawk          |       |     4 |       |       ||     4
Invok: Upheaval          |       |       |       |     5 ||     5
  Use: Scroll            |       |     9 |     5 |    13 ||    27
       Potion            |       |       |       |    13 ||    13
  Eat: Chunk             |     2 |     7 |    27 |    24 ||    60
Armor: Robe              |    16 |       |       |       ||    16
       Plate armour      |    91 |   161 |   405 |   477 ||  1134
Dodge: Dodged            |    69 |    54 |   110 |   430 ||   663
Block: Other             |       |       |       |    92 ||    92
       Shield            |       |       |       |   208 ||   208

Table legend:
 A = Spawn XP
 B = Non-spawn XP
 C = Spawn XP percentage of total XP
 D = Spawn monster count
 E = Non-spawn monster count
 F = Spawn count percentage of total count
 G = Total turns spent on level
                    A         B        C        D         E        F      G
               +---------+---------+-------+---------+---------+-------+---------
         Total |       0 |   26545 |   0.0 |       0 |     342 |   0.0 | 16345
               +---------+---------+-------+---------+---------+-------+---------
           D:1 |       0 |      60 |   0.0 |       0 |      31 |   0.0 |  1307
           D:2 |       0 |     210 |   0.0 |       0 |      21 |   0.0 |  1237
           D:3 |       0 |     143 |   0.0 |       0 |      24 |   0.0 |  1186
           D:4 |       0 |     234 |   0.0 |       0 |       9 |   0.0 |   919
           D:5 |       0 |    1523 |   0.0 |       0 |      27 |   0.0 |  1391
           D:6 |       0 |     784 |   0.0 |       0 |      28 |   0.0 |  1400
           D:7 |       0 |    1445 |   0.0 |       0 |      25 |   0.0 |  1139
           D:8 |       0 |    1222 |   0.0 |       0 |      24 |   0.0 |   755
           D:9 |       0 |    1640 |   0.0 |       0 |      38 |   0.0 |  1388
          D:10 |       0 |    3068 |   0.0 |       0 |      28 |   0.0 |  1147
        Lair:1 |       0 |    6717 |   0.0 |       0 |      23 |   0.0 |  1898
        Lair:2 |       0 |    3904 |   0.0 |       0 |      14 |   0.0 |   950
        Lair:3 |       0 |    3176 |   0.0 |       0 |       8 |   0.0 |   103
           Lab |       0 |    1791 |   0.0 |       0 |      12 |   0.0 |   727
       Ossuary |       0 |     628 |   0.0 |       0 |      30 |   0.0 |   467
               +---------+---------+-------+---------+---------+-------+---------
